 Dungeon Crawl Stone Soup version 0.31-a0-1009-g454b1f1e0a (webtiles) character file.

Game seed: 3859478355650144244

246524 MackTheKnife the Eclecticist (level 19, -3/152 HPs)
             Began as a Mummy Conjurer on Nov 14, 2023.
             Was the Champion of Kikubaaqudgha.
             Slain by a merfolk
             ... wielding a +0 trident
             ... led by a merfolk aquamancer
              (5 damage)
             ... on level 4 of the Shoals on Nov 15, 2023.
             The game lasted 02:11:40 (56776 turns).

MackTheKnife the Eclecticist (Mummy Conjurer)      Turns: 56776, Time: 02:11:41

Health: -3/152     AC: 16    Str: 14    XL:     19   Next: 20%
Magic:  21/39      EV: 23    Int: 19    God:    Kikubaaqudgha [******]
Gold:   2690       SH: 12    Dex: 21    Spells: 1/50 levels left

rFire   + + +        b - +9 rapier (pain) {short}
rCold   + + .        y - +1 buckler {reflect}
rNeg    + + +        z - +2 leather armour {rC+ rF+}
rPois   ∞            S - +2 helmet
rElec   +            q - +1 cloak of Starlight {*Dazzle EV+4 Stlth--}
rCorr   .            R - +1 pair of gloves of Untruth {rElec rF++ Str+4 Stlth-}
SInv    .            B - +2 pair of boots
Will    ++...        i - amulet of reflection Stlth
                     P - ring of flight
HPRegen 0.45/turn    f - ring "Aneriufo" {Wiz rF+ Dex+4}
MPRegen 0.26/turn

%: reflection, faith, wizardry (x1)
@: flying, studying Stealth
A: cold resistance 1, negative energy resistance 3, torment resistance 2, heat
vulnerability 1, in touch with death 2, no potions, faith
}: 1/15 runes: gossamer
a: Renounce Religion, Unearth Wretches, Torment


You were on level 4 of the Shoals.
You worshipped Kikubaaqudgha.
Kikubaaqudgha was exalted by your worship.
You visited 6 branches of the dungeon, and saw 33 of its levels.
You visited 1 bazaar.
You also visited: Trove, Sewer, Bailey and Ice Cave.

You collected 5949 gold pieces.
You spent 3259 gold pieces at shops.


Innate Abilities, Weirdness & Mutations

You are immune to poison.
Your flesh is cold resistant. (rC+)
You are immune to negative energy. (rN+++)
You are immune to unholy pain and torment.
You are vulnerable to heat. (rF-)
You are strongly in touch with the powers of death.
You do not drink.
You have a special connection with the divine. (Faith)


   Skills:
 - Level 14.0 Fighting
 - Level 12.0 Short Blades
 - Level 4.0 Armour
 - Level 11.0 Dodging
 - Level 3.0 Stealth
 - Level 5.0 Shields
 - Level 16.0 Spellcasting
 - Level 6.7 Conjurations
 - Level 5.6 Hexes
 + Level 9.6 Summonings
 + Level 13.4 Necromancy
 - Level 4.0 Translocations
 - Level 6.0 Ice Magic
 - Level 6.0 Earth Magic
 - Level 4.0 Evocations


You had one spell level left.
You knew the following spells:

 Your Spells              Type           Power      Damage    Failure   Level
a - Haunt                 Necr/Summ      46%        N/A       19%         7
b - Freezing Cloud        Conj/Ice/Air   15%        6-21      12%         5
d - Borgnjor's Vile Clut  Necr/Erth      43%        N/A       1%          5
e - Vampiric Draining     Necr           99%        2d13      1%          3
f - Blink                 Tloc           60%        N/A       1%          2
g - Anguish               Hex/Necr       43%        N/A       1%          4
h - Simulacrum            Ice/Necr       43%        N/A       8%          6
i - Ozocubu's Armour      Ice            38%        N/A       1%          3
j - Summon Mana Viper     Hex/Summ       44%        N/A       3%          5
k - Summon Forest         Summ/Tloc      20%        N/A       4%          5
l - Dispel Undead         Necr           99%        3d31      1%          4

Your spell library contained the following spells:

 Spells                   Type           Power      Damage    Failure   Level
 Freeze                   Ice            100%       1d10      1%          1
 Kiss of Death            Conj/Necr      100%       2d13      1%          1
 Magic Dart               Conj           100%       1d8       1%          1
 Necrotise                Necr           100%       1d9       1%          1
 Sandblast                Erth           76%        2d16      1%          1
 Shock                    Conj/Air       100%       1d9       1%          1
 Slow                     Hex            100%       N/A       1%          1
 Sting                    Tmut/Pois      60%        1d6       2%          1
 Cigotuvi's Dreadful Rot  Necr/Pois/Air  100%       N/A       1%          2
 Ensorcelled Hibernation  Hex/Ice        74%        N/A       1%          2
 Lesser Beckoning         Tloc           60%        N/A       1%          2
 Momentum Strike          Conj/Tloc      70%        3d9       1%          2
 Passwall                 Tmut/Erth      21%        N/A       1%          2
 Searing Ray              Conj           80%        2d7       1%          2
 Confusing Touch          Hex            36%        N/A       1%          3
 Dazzling Flash           Conj/Hex       76%        N/A       1%          3
 Frozen Ramparts          Ice            76%        1d12      1%          3
 Hailstorm                Conj/Ice       39%        3d9       1%          3
 Sigil of Binding         Hex            36%        N/A       1%          3
 Stone Arrow              Conj/Erth      78%        3d11      1%          3
 Tukima's Dance           Hex            36%        N/A       1%          3
 Animate Armour           Summ/Erth      88%        N/A       1%          4
 Brom's Barrelling Bould  Conj/Erth      39%        2d6       1%          4
 Fulminant Prism          Conj/Hex       19%        3d10      1%          4
 Summon Ice Beast         Ice/Summ       44%        N/A       1%          4
 Agony                    Necr           99%        N/A       1%          5
 Inner Flame              Hex/Fire       25%        N/A       2%          3
 Iskenderun's Mystic Bla  Conj/Tloc      35%        2d8       2%          4
 Dimensional Bullseye     Hex/Tloc       16%        N/A       3%          4
 Summon Lightning Spire   Summ/Air       33%        N/A       3%          4
 Poisonous Vapours        Pois/Air       30%        N/A       4%          2
 Manifold Assault         Tloc           30%        N/A       4%          4
 Iskenderun's Battlesphe  Conj           40%        2d9       4%          5
 Flame Wave               Conj/Fire      28%        2d9       6%          4
 Sticky Flame             Conj/Fire      28%        2d5       6%          4
 Lee's Rapid Deconstruct  Erth           19%        3d11*     6%          5
 Metabolic Englaciation   Hex/Ice        18%        N/A       7%          5
 Ignite Poison            Fire/Tmut/Pois 15%        N/A       8%          3
 Swiftness                Air            15%        N/A       8%          3
 Petrify                  Tmut/Erth      26%        N/A       8%          4
 Fireball                 Conj/Fire      14%        3d8       17%         5
 Airstrike                Air            7%         2d(2-18)  26%         4
 Olgreb's Toxic Radiance  Pois           15%        N/A       26%         4
 Bombard                  Conj/Erth      19%        9d4       28%         6
 Monstrous Menagerie      Summ           25%        N/A       38%         7
 Summon Hydra             Summ           25%        N/A       38%         7
 Alistair's Intoxication  Tmut/Pois      10%        N/A       54%         5
 Conjure Ball Lightning   Conj/Air       14%        3x3d6     65%         6
 Orb of Destruction       Conj           20%        9d8       77%         7
 Ozocubu's Refrigeration  Ice            19%        4d11      86%         7
 Eringya's Noxious Bog    Tmut/Pois      7%         4d6       98%         6
 Fire Storm               Conj/Fire      14%        8d4       100%        9
 Borgnjor's Revivificati  Necr           Unusable   N/A       N/A         8
 Death's Door             Necr           Unusable   N/A       N/A         9

Inventory:

Hand Weapons
 a - the +3 Elemental Staff {ele, rElec rF+ rC+ AC+3}
   (You bought it in a shop in a bazaar)

   AC+3:      It affects your AC (+3).
   rF+:       It protects you from fire.
   rC+:       It protects you from cold.
   rElec:     It insulates you from electricity.
 b - a +9 rapier of pain (weapon) {short}
   (You took it off an orc priest on level 9 of the Dungeon)
Missiles
 e - 3 curare-tipped darts {=fthrowing}
Armour
 j - a +1 pair of gloves of dexterity
   (You found it on level 4 of the Spider Nest)
 q - the +1 cloak of Starlight (worn) {*Dazzle EV+4 Stlth--}
   (You found it on level 2 of the Spider Nest)

   *Dazzle:   It may blind those who miss an attack against the wearer in melee
   combat.
   EV+4:      It affects your evasion (+4).
   Stlth--:   It makes you much less stealthy.
 y - a +1 buckler of reflection (worn)
   (You found it on level 7 of the Dungeon)
 z - a +2 leather armour of resistance (worn)
   (You found it in an ice cave)
 B - a +2 pair of boots (worn)
   (You found it on level 7 of the Dungeon)
 M - a +2 pair of gloves of stealth
   (You found it on level 3 of the Elven Halls)
 R - the +1 pair of gloves of Untruth (worn) {rElec rF++ Str+4 Stlth-}
   (You found it on level 2 of the Shoals)

   Str+4:     It affects your strength (+4).
   rF++:      It greatly protects you from fire.
   rElec:     It insulates you from electricity.
   Stlth-:    It makes you less stealthy.
 S - a +2 helmet (worn)
   (You found it on level 5 of the Dungeon)
Magical Staves
 s - the staff of Koza {rElec rF+ Dex+8 Stlth- Air, !astaff}
   (You found it on level 5 of the Lair of Beasts)

   [staff of air]

   Base accuracy: +5 Base damage: 5 Base attack delay: 1.2 This weapon's minimum
   attack delay (0.6) is reached at skill level 12.
   Dex+8:     It affects your dexterity (+8).
   rF+:       It protects you from fire.
   rElec:     It insulates you from electricity.
   Stlth-:    It makes you less stealthy.
   Air:       It increases the power of your Air spells.
   It falls into the 'Staves' category.
   It is a one-handed weapon.
 H - a staff of cold {!astaff}
   (You found it on level 3 of the Elven Halls)
Jewellery
 c - the ring of Futtuosy {rElec rC+ EV+5 Int+3}
   (You bought it in a shop on level 2 of the Orcish Mines)

   [ring of evasion]

   EV+5:      It affects your evasion (+5).
   Int+3:     It affects your intelligence (+3).
   rC+:       It protects you from cold.
   rElec:     It insulates you from electricity.
 f - the ring "Aneriufo" (right hand) {Wiz rF+ Dex+4}
   (You acquired it on level 10 of the Dungeon)

   [ring of wizardry]

   Wiz:       It improves your spell success rate.
   Dex+4:     It affects your dexterity (+4).
   rF+:       It protects you from fire.
 i - an amulet of reflection (around neck)
   (You took it off a goblin on level 2 of the Dungeon)
 l - a ring of willpower
   (You found it on level 2 of the Spider Nest)
 u - the ring of Poerar {Will+ rCorr Dex+2}
   (You bought it in a shop on level 3 of the Dungeon)

   [ring of willpower]

   Dex+2:     It affects your dexterity (+2).
   Will+:     It increases your willpower.
   rCorr:     It protects you from acid and corrosion.
 F - a ring of protection from cold
   (You took it off a wight on level 8 of the Dungeon)
 L - the amulet "Ruaharch" {Acrobat *Slow rC+++ Will+++ Dex-5}
   (You found it in a treasure trove)

   [amulet of the acrobat]

   Acrobat:   It increases your evasion while moving and waiting.
   Dex-5:     It affects your dexterity (-5).
   rC+++:     It renders you almost immune to cold.
   Will+++:   It greatly increases your willpower.
   *Slow:     It may slow you when you take damage.
 P - a ring of flight (left hand)
   (You found it on level 13 of the Dungeon)
 Q - the ring of the Messenger {Will+ rCorr Stlth+}
   (You took it off an orc priest on level 9 of the Dungeon)

   [ring of willpower]

   Will+:     It increases your willpower.
   rCorr:     It protects you from acid and corrosion.
   Stlth+:    It makes you more stealthy.
Wands
 m - a wand of flame (18)
   (You found it on level 2 of the Lair of Beasts)
 o - a wand of roots (32)
   (You found it on level 4 of the Lair of Beasts)
 r - a wand of light (8)
   (You found it on level 11 of the Dungeon)
 w - a wand of charming (31)
   (You found it on level 4 of the Lair of Beasts)
 D - a wand of mindburst (19)
   (You found it on level 5 of the Lair of Beasts)
 G - a wand of polymorph (11)
   (You took it off Blork the orc on level 2 of the Orcish Mines)
 J - a wand of digging (19)
   (You found it on level 6 of the Dungeon)
Scrolls
 d - a scroll of torment
 g - 5 scrolls of amnesia
 h - 8 scrolls of revelation
 k - 6 scrolls of fog
 n - a scroll of vulnerability {!r!r}
 p - 4 scrolls of blinking {!r}
 x - a scroll of poison
 A - a scroll of fear
 E - 3 scrolls of teleportation {@r4}
 K - 2 scrolls of immolation {!r!r}
 N - 3 scrolls of silence {!r}
Miscellaneous
 t - a lightning rod (1/4)
   (You found it on level 13 of the Dungeon)
 v - a condenser vane
   (You found it on level 4 of the Lair of Beasts)
 I - a box of beasts (inert)
   (You found it on level 12 of the Dungeon)
 O - a phantom mirror
   (You found it on level 12 of the Dungeon)

Dungeon Overview and Level Annotations

Branches:
Dungeon (15/15) Zot: 25211  Temple (0/1) D:6            Lair (5/5) D:9 Zot: 21694
 Shoals (4/4) Lair:3 Zot: 19393  Spider (4/4) Lair:2 Zot: 15485   Slime (0/5) Lair:5
    Orc (2/2) D:9 Zot: 9747     Elf (3/3) Orc:2 Zot: 11521  Vaults (0/5) D:14
 Depths (0/4) D:15          Sewer (visited)          Bailey (visited)
  IceCv (visited)

Altars:
Cheibriados
Kikubaaqudgha
Makhleb
Nemelex Xobeh
Sif Muna
Trog
Xom
Jiyva
Lugonu

Shops:
D:3 =   D:12 :   D:13 *   Orc:2 =(*:[   Elf:3 (

Portals:
Abyss: D:12 Lair:5

Annotations:
D:6 senseless's ghost, novice HOFi
D:12 1 transporter, Takeo's ghost, journeyman TrSh
D:14 Roxanne
Lair:5 1 runed translucent door, Axkuoc's ghost, journeyman FoFi
Spider:1 1 exclusion
Elf:2 3 runed translucent doors

(..~#..# PP.# ...#...#
#.# 8.....8# .# ########
.......##################
≈≈.≈≈≈≈.#8..~~~~~.~~.....
#≈.≈##≈.#.E.~~~m~~~m~~.~E
#≈.≈##≈.#...mm~~EE~m~~E~~
≈≈.≈≈≈≈.# #~~~~#@#~~~~#.~
..<.....#..~~~~~~.mm#~~~~
≈≈.≈≈≈≈.#.....t.~~~~~~.#E
#≈.≈##≈.#8..............
#≈.≈##≈.##########..####
≈≈.≈≈≈≈XX.t..... ^.E,
.......%E....... ....
################ #####


You could see an alligator snapping turtle, a merfolk javelineer, a merfolk
aquamancer, 3 merfolk, 5 water elementals and 2 water nymphs.


Message History

The manticore struggles to escape constriction. 😱 HP[+1] MP[-5]
You lost 5 mp, and now have 4/39 mp.
The zombie hands constrict the manticore.
The manticore struggles to escape constriction.
The zombie hands constrict the manticore!
The manticore struggles to escape constriction. 😱 HP[+1] MP[+1]
The zombie hands constrict the manticore.
The manticore bites you.
* * * LOW HITPOINT WARNING * * *
The manticore misses you.
The manticore claws you but does no damage.
Your magical contamination has completely faded away. 😱 HP[-3]
You take 3 damage, and now have 29/152 hp.
You puncture the manticore!
The manticore writhes in agony.
The zombie hands constrict the manticore!
The manticore completely misses you. x2; The manticore misses you.
You puncture the manticore!
You kill the manticore!
Kikubaaqudgha accepts your kill. 😱 HP[+1] 😱 MP[+1] 😱 HP[+1]
You start resting.
A merfolk aquamancer comes into view.
It is wielding a +3 flail of venom. 😨 HP[+30] MP[+17]
You regained 30 hp, and now have 61/152 hp.
You regained 17 mp, and now have 23/39 mp.
Casting: Borgnjor's Vile Clutch (mildly dangerous; 1% risk of failure)
Confirm with . or Enter, or press ? or * to list all spells.
Aiming: Borgnjor's Vile Clutch (mildly dangerous; 1% risk of failure)
Press: ? - help, Shift-Dir - straight line, f - merfolk aquamancer
Aim: a merfolk aquamancer, wielding a +3 flail of venom and wearing a +0 robe (wandering, hasn't noticed you, 100% to hit)
You feel a strong surge of power!
The merfolk aquamancer shouts!
Zombie hands grab the merfolk aquamancer.
The zombie hands constrict the merfolk aquamancer!
The merfolk aquamancer casts a spell at you.
The torrent of water hits you!
* * * LOW HITPOINT WARNING * * *
The wave splashes down.
You hear a shout!
You hear a deafening roar!
You hear a shout!
You hear a screech!
You hear a shout!
You hear a screech! x2
You hear a shout!
You hear an angry hiss.
You hear a shout!
You hear a screech!
You hear a shout! x2; You hear an angry hiss.
You hear a shout! x2 😨 HP[-16] MP[-4]
You take 16 damage, and now have 45/152 hp.
You lost 4 mp, and now have 19/39 mp.
The zombie hands constrict the merfolk aquamancer!
The merfolk aquamancer points at you and mumbles some strange words.
The ball of steam hits you. You resist.
* * * LOW HITPOINT WARNING * * *
😨 HP[-4]
You take 4 damage, and now have 41/152 hp.
You hit the merfolk aquamancer.
The merfolk aquamancer writhes in agony.
The zombie hands constrict the merfolk aquamancer!
You impale the merfolk aquamancer!!
The zombie hands constrict the merfolk aquamancer.
You block the merfolk aquamancer's attack.
You puncture the merfolk aquamancer!
You kill the merfolk aquamancer!
Kikubaaqudgha accepts your kill. 😨 HP[+1] MP[+1]
You start resting.
The plant is engulfed in a cloud of scalding steam.
The plant begins to die.
An air elemental comes into view.
A merfolk siren comes into view.
It is wielding a +0 spear. 😨 HP[+1] Unknown command.
As you read the scroll of teleportation {@r4}, it crumbles to dust.
You feel strangely unstable.
The merfolk siren chants a haunting song.
You are mesmerised by the merfolk siren!
You cannot move away from the merfolk siren!
Unknown command.
The merfolk siren chants its luring song. 😨 HP[+1] MP[+1]
Your surroundings suddenly seem different. 5 merfolk, 2 water nymphs, 4 water elementals and a sea snake come into view.
A merfolk is wielding a +0 trident.
You are no longer entranced.
The water nymph shouts!
The merfolk aquamancer shouts!
The merfolk shouts! x3
The merfolk hits you but does no damage.
A water elemental comes into view. x2
The water nymph points at you and mumbles some strange words.
The water rises up and strikes you!!
* * * LOW HITPOINT WARNING * * *
The merfolk aquamancer gestures at you while chanting.
The torrent of water hits you!
* * * LOW HITPOINT WARNING * * *
You are knocked back by the torrent of water.
A water elemental comes into view.
The wave splashes down.
You block the water elemental's attack.
The merfolk hits you from afar with a +0 trident.
You die...
Kikubaaqudgha rasps: "You have failed me!
Welcome... oblivion!"

Skill      XL: |  1  2  3  4  5  6  7  8  9 10 11 12 13 14 15 16 17 18 19 |
---------------+----------------------------------------------------------+-----
Spellcasting   | 3 4 5 6 7 8 10 12 14 16 | 16.0
Conjurations   | 4 5 6 |  6.7
Hexes          | 1 2 4 5 |  5.6
Fighting       | 5 8 10 11 13 14 | 14.0
Dodging        | 4 6 8 9 11 | 11.0
Shields        | 4 5 |  5.0
Necromancy     | 8 10 11 12 13 | 13.4
Earth Magic    | 2 6 |  6.0
Short Blades   | 1 6 8 10 12 | 12.0
Stealth        | 3 |  3.0
Ice Magic      | 4 6 |  6.0
Evocations     | 4 |  4.0
Armour         | 2 4 |  4.0
Summonings     | 5 9 |  9.6
Translocations | 4 |  4.0

Action                     |  1- 3 |  4- 6 |  7- 9 | 10-12 | 13-15 | 16-18 | 19-21 || total
---------------------------+-------+-------+-------+-------+-------+-------+-------++-------
  Melee: Whip              |    27 |    43 |     4 |       |       |       |       ||    74
         Falchion          |       |       |    32 |       |       |       |       ||    32
         Punch             |       |       |     2 |     2 |       |       |       ||     4
         Staff             |       |       |       |    25 |       |    58 |       ||    83
         Rapier            |       |       |       |   260 |  1338 |  1112 |   120 ||  2830
  Throw: Dart              |       |    10 |     6 |    15 |       |       |       ||    31
   Cast: Magic Dart        |    99 |   150 |   174 |   157 |    27 |     1 |       ||   608
         Searing Ray       |     3 |     7 |    24 |    34 |     1 |     1 |       ||    70
         Fulminant Prism   |       |       |    28 |   112 |    28 |     2 |       ||   170
         Borgnjor's Vile C |       |       |       |    34 |   178 |   220 |    13 ||   445
         Vampiric Draining |       |       |       |       |    18 |    13 |       ||    31
         Anguish           |       |       |       |       |    16 |    11 |       ||    27
         Simulacrum        |       |       |       |       |    15 |    55 |     1 ||    71
         Ozocubu's Armour  |       |       |       |       |     2 |       |       ||     2
         Blink             |       |       |       |       |     1 |       |       ||     1
         Summon Mana Viper |       |       |       |       |       |     9 |       ||     9
         Dispel Undead     |       |       |       |       |       |    25 |       ||    25
         Haunt             |       |       |       |       |       |     7 |    15 ||    22
         Summon Forest     |       |       |       |       |       |     1 |       ||     1
 Invoke: Brand Weapon With |       |       |       |     1 |       |       |       ||     1
         Unearth Wretches  |       |       |       |       |       |    10 |       ||    10
         Torment           |       |       |       |       |       |     1 |       ||     1
  Evoke: Wand              |       |       |       |     5 |    14 |     9 |     1 ||    29
         Condenser vane    |       |       |       |       |     4 |     3 |       ||     7
         Lightning rod     |       |       |       |       |     2 |     8 |       ||    10
         Box of beasts     |       |       |       |       |     1 |     3 |     1 ||     5
         Phantom mirror    |       |       |       |       |     1 |     3 |       ||     4
    Use: Scroll            |       |     4 |    15 |    12 |    15 |    14 |     3 ||    63
   Stab: Distracted        |       |       |       |     1 |       |       |     1 ||     2
         Petrified         |       |       |       |       |     9 |       |       ||     9
         Sleeping          |       |       |       |       |     9 |     2 |       ||    11
         Confused          |       |       |       |       |     1 |       |       ||     1
         Betrayed ally     |       |       |       |       |     1 |       |       ||     1
         Invisible         |       |       |       |       |       |    31 |     7 ||    38
         Paralysed         |       |       |       |       |       |     1 |       ||     1
 Armour: Robe              |    30 |    37 |   107 |   302 |    99 |       |       ||   575
         Leather armour    |       |       |       |       |   690 |   678 |    63 ||  1431
  Dodge: Dodged            |    32 |    41 |    93 |   318 |  1006 |  1240 |    85 ||  2815
  Block: Other             |       |    15 |    33 |    48 |       |       |       ||    96
         Reflection        |       |     2 |     3 |     8 |    22 |    31 |     8 ||    74
         Buckler           |       |       |       |   203 |   912 |   832 |    64 ||  2011

Levels and vault maps discovered:
D:1:      heliophobic_arrival_battle_scene, layout_basic
D:2:      layout_rooms, minivault_26, minmay_pentomino_w4
D:3:      layout_loops_cross, lemuel_doored_altar, serial_shops,
          nicolae_shop_gaudy_bauble, dreamdust_ecumenical_altar_sealed_demon
D:4:      layout_basic, portal_sewer_entry_f
D:5:      layout_rooms, minivault_5
D:6:      layout_gridville, minmay_temple_entry_purple_smoke,
          gammafunk_ghost_stat_death, minmay_nine_imps
D:7:      layout_basic, billiards_dpeg
D:8:      layout_loops_ring, trog_three_pillars_becter,
          mainiacjoe_overflow_chevrons, enter_bailey_5
D:9:      layout_loops_ring, bloody_makhleb, lair_entry_dummy, orc_0_dummy,
          onia_ninara_cookie, uniq_jeremiah, uniq_gastronok
D:10:     layout_basic, slow_altar_1, uniq_psyche, uniq_fannar
D:11:     layout_cave_pools
D:12:     cheibrodos_ideogram_h, layout_loops_ring, serial_shops,
          shop_fountains, enter_trove_3, gammafunk_ghost_abyssal_escape,
          lightli_corner_chamber, uniq_sonja
D:13:     minmay_clustersquares, layout_gridville, serial_shops, shop,
          uniq_lodul
D:14:     layout_irregular_city, david_vaults_1, dreamdust_princess_corridor,
          uniq_frances, uniq_jorgrun, uniq_josephine, uniq_snorg, uniq_roxanne,
          uniq_nessos
D:15:     grunt_enter_depths_hoard, layout_basic, chequers_serial_rivers_micro_b
Lair:1:   layout_gridlike, st_stairs_12, serial_bayou_shore_a,
          grunt_megastairs_1
Lair:2:   beast_lair_carwin_large_3, layout_chaotic_city,
          nicolae_spider_entry_lesser_pyramids, dreamdust_gnoll_shepherd,
          infiniplex_staircase_pool_2
Lair:3:   layout_loops_ring, nicolae_shoals_entry_flooding,
          roderic_carrion_pond, grunt_megastairs_3
Lair:4:   layout_long_grid, grunt_megastairs_4
Lair:5:   hellmonk_lair_end_abyssal_woods, layout_hall_layers,
          nicolae_slime_entry_slimehenge, ebering_ghost_xom,
          portal_ice_cave_entry_pillars_2, grunt_forest_large_clearing_hut
Shoals:1: layout_shoals
Shoals:2: layout_shoals, serial_shops, bzr_entry_gold,
          nicolae_shoals_dead_sea_scrolls, uniq_ilsuiw, uniq_kirke,
          uniq_polyphemus
Shoals:3: layout_shoals, nicolae_shoals_land_atoll
Shoals:4: shoals_end_hellmonk_storm_palace [storm_palace_center_circular,
          storm_palace_corner_grid, storm_palace_corner_pillars,
          storm_palace_corner_pillars, storm_palace_corner_narrow], serial_shops
Spider:1: layout_spider_delve, uniq_nikola
Spider:2: layout_spider_delve, ebering_ghost_xom
Spider:3: layout_spider_delve, hangedman_spider_mandibles, uniq_arachne
Spider:4: floodkiller_spider_rune_tomb, nicolae_spider_cling_ruins
Orc:1:    layout_caves, basic_altar
Orc:2:    grunt_orc_cross, layout_diamond_mine, serial_shops, nicolae_shop_trees
Elf:1:    nicolae_elf_arrival_no_cutting_in_line, layout_loops_corners,
          hangedman_elven_crosses_minicolossus, uniq_louise
Elf:2:    nicolae_elf_blades_splatter_lattice [nicolae_blade_lattice],
          layout_gridlike, basic_altar
Elf:3:    grunt_elf_hall_diamonds, layout_gridlike, serial_shops, shop

Notes
Turn   | Place    | Note
-------+----------+-------------------------------------------
     0 | D:1      | MackTheKnife the Mummy Conjurer began the quest for the
                  | Orb.
     0 | D:1      | Reached XP level 1. HP: 13/13 MP: 4/4
     0 | D:1      | magus.rc [v1.9.6]
   190 | D:1      | Reached skill level 3 in Spellcasting
   357 | D:1      | Reached XP level 2. HP: 19/19 MP: 0/6
   360 | D:1      | Learned a level 2 spell: Searing Ray
   727 | D:1      | You pick up a book of Weapons and begin reading...
   727 | D:1      | You add the spells Tukima's Dance and Dimensional Bullseye
                  | to your library.
   914 | D:1      | Reached XP level 3. HP: 24/24 MP: 5/8
  1409 | D:2      | Reached skill level 4 in Spellcasting
  1811 | D:2      | Reached skill level 4 in Conjurations
  1811 | D:2      | Reached XP level 4. HP: 24/30 MP: 1/10
  2017 | D:2      | Learned a level 4 spell: Fulminant Prism
  2270 | D:3      | Found Tysexuk's Jewellery Boutique.
  2431 | D:3      | Found a shimmering blue altar of Sif Muna.
  2722 | D:3      | Found a faded altar of an unknown god.
  2927 | D:3      | Prayed at the altar of an unknown god.
  2927 | D:3      | Became a worshipper of Kikubaaqudgha
  2927 | D:3      | Reached * piety under Kikubaaqudgha
  2927 | D:3      | You add the spells Kiss of Death, Necrotise, Cigotuvi's
                  | Dreadful Rot and Vampiric Draining to your library.
  2927 | D:3      | Received a gift from Kikubaaqudgha
  3089 | D:4      | Reached skill level 1 in Hexes
  3089 | D:4      | Reached XP level 5. HP: 35/35 MP: 4/12
  3144 | D:4      | Found a glowing drain.
  3197 | Sewer    | Entered a sewer
  3248 | Sewer    | Reached skill level 5 in Spellcasting
  3307 | Sewer    | Reached ** piety under Kikubaaqudgha
  3936 | Sewer    | Reached skill level 2 in Hexes
  3936 | Sewer    | Reached XP level 6. HP: 41/41 MP: 6/14
  4885 | D:4      | Reached skill level 6 in Spellcasting
  4885 | D:4      | Reached skill level 5 in Conjurations
  4957 | D:5      | Entered Level 5 of the Dungeon
  4981 | D:5      | Reached XP level 7. HP: 38/46 MP: 5/16
  5065 | D:5      | Reached skill level 3 in Hexes
  5374 | D:5      | Identified the ring of Pride {rElec AC+4}
  5376 | D:5      | Reached *** piety under Kikubaaqudgha
  5376 | D:5      | You add the spells Anguish, Dispel Undead, Agony and
                  | Borgnjor's Vile Clutch to your library.
  5376 | D:5      | Received a gift from Kikubaaqudgha
  5990 | D:6      | Noticed a wyvern
  6097 | D:5      | Killed a wyvern
  6098 | D:5      | Reached skill level 7 in Spellcasting
  6098 | D:5      | Reached skill level 4 in Hexes
  6114 | D:5      | Reached XP level 8. HP: 52/52 MP: 1/19
  6357 | D:6      | Reached skill level 6 in Conjurations
  6481 | D:6      | Reached skill level 8 in Spellcasting
  6666 | D:6      | Reached skill level 5 in Hexes
  6677 | D:6      | Reached XP level 9. HP: 57/57 MP: 1/21
  6681 | D:6      | Reached skill level 1 in Fighting
  6681 | D:6      | Reached skill level 9 in Spellcasting
  6686 | D:6      | Reached skill level 2 in Dodging
  6934 | D:6      | Found a staircase to the Ecumenical Temple.
  6961 | D:6      | Reached **** piety under Kikubaaqudgha
  7195 | D:6      | Reached skill level 2 in Fighting
  7450 | D:3      | Bought the ring of Poerar {Will+ rCorr Dex+2} for 418 gold
                  | pieces
  7723 | D:6      | Noticed senseless's ghost (novice HOFi)
  7731 | D:6      | Found a transporter.
  7752 | D:6      | Found a transporter.
  7956 | D:7      | Reached skill level 3 in Dodging
  8130 | D:7      | Reached skill level 3 in Fighting
  8184 | D:7      | Reached skill level 10 in Spellcasting
  8529 | D:7      | Reached skill level 4 in Fighting
  9093 | D:8      | Reached skill level 4 in Dodging
  9109 | D:8      | Found a flagged portal.
  9120 | Bailey   | Entered a bailey
  9192 | Bailey   | Reached ***** piety under Kikubaaqudgha
  9299 | Bailey   | Noticed an orc knight
  9313 | Bailey   | Killed an orc knight
  9314 | Bailey   | Reached skill level 5 in Fighting
  9314 | Bailey   | Reached XP level 10. HP: 31/74 MP: 11/24
  9549 | Bailey   | Found a large runed translucent door.
  9549 | Bailey   | Found a large runed translucent door.
  9550 | Bailey   | Noticed a deep elf pyromancer
  9682 | Bailey   | Killed a deep elf pyromancer
  9683 | Bailey   | Reached skill level 5 in Dodging
  9776 | Bailey   | Identified the +0 gold dragon scales of Mil Ysyhue {-Tele
                  | Harm rPois rF+ rC+ Int-2 Slay+5}
  9777 | Bailey   | l - the +0 gold dragon scales of Mil Ysyhue {-Tele Harm
                  | rPois rF+ rC+ Int-2 Slay+5, rare}
  9778 | Bailey   | You drop the +0 gold dragon scales of Mil Ysyhue {-Tele
                  | Harm rPois rF+ rC+ Int-2 Slay+5, rare}.
  9867 | D:8      | Reached skill level 6 in Fighting
 10064 | D:8      | Found a bloodstained altar of Trog.
 10064 | D:8      | Noticed a two-headed ogre
 10085 | D:8      | Found a sparkling altar of Nemelex Xobeh.
 10793 | D:8      | Killed a two-headed ogre
 10794 | D:8      | Reached skill level 7 in Fighting
 10794 | D:8      | Reached skill level 6 in Dodging
 11346 | D:9      | Reached skill level 8 in Fighting
 11357 | D:9      | Reached skill level 1 in Shields
 11516 | D:9      | Reached skill level 2 in Shields
 11701 | D:9      | Noticed Jeremiah
 11707 | D:9      | Killed Jeremiah
 11708 | D:9      | Reached skill level 3 in Shields
 11897 | D:9      | Noticed a two-headed ogre
 11922 | D:8      | Killed a two-headed ogre
 11923 | D:8      | Reached skill level 4 in Shields
 11923 | D:8      | Reached XP level 11. HP: 58/86 MP: 15/25
 12116 | D:9      | Noticed a two-headed ogre
 12182 | D:9      | Noticed a two-headed ogre
 12184 | D:9      | Reached skill level 5 in Shields
 12324 | D:9      | Reached skill level 1 in Necromancy
 12376 | D:9      | Noticed a two-headed ogre
 12452 | D:9      | Reached skill level 2 in Necromancy
 12615 | D:9      | Found a staircase to the Lair.
 12636 | D:9      | Reached skill level 3 in Necromancy
 12707 | D:9      | Noticed Gastronok
 12835 | D:9      | Killed a two-headed ogre
 12836 | D:9      | Reached skill level 4 in Necromancy
 13026 | D:9      | Identified the ring of the Messenger {Will+ rCorr Stlth+}
 13077 | D:9      | Killed Gastronok
 13078 | D:9      | Reached skill level 6 in Necromancy
 13169 | D:9      | Killed a two-headed ogre
 13169 | D:9      | Reached ****** piety under Kikubaaqudgha
 13361 | D:9      | Killed a two-headed ogre
 13362 | D:9      | Reached skill level 7 in Necromancy
 13491 | D:9      | Found a burning altar of Makhleb.
 13497 | D:9      | You pick up a book of Spatial Translocations and begin
                  | reading...
 13497 | D:9      | You add the spells Blink, Momentum Strike and Lesser
                  | Beckoning to your library.
 13608 | D:9      | Found a staircase to the Orcish Mines.
 13791 | D:9      | Identified a +2 rapier of pain {short} (a +0 rapier {short}
                  | bloodied by Kikubaaqudgha)
 13791 | D:9      | Received a gift from Kikubaaqudgha
 13798 | D:9      | Learned a level 5 spell: Borgnjor's Vile Clutch
 13817 | D:10     | Entered Level 10 of the Dungeon
 14250 | D:10     | Identified a scroll of acquirement
 14251 | D:10     | Acquired the ring "Aneriufo" {Wiz rF+ Dex+4}
 14402 | D:10     | Reached skill level 1 in Earth Magic
 14515 | D:10     | You pick up a book of Iron and begin reading...
 14515 | D:10     | You add the spells Summon Lightning Spire, Animate Armour
                  | and Lee's Rapid Deconstruction to your library.
 14529 | D:10     | Noticed Fannar
 14694 | D:10     | Found a snail-covered altar of Cheibriados.
 14708 | D:10     | Noticed Psyche
 14741 | D:10     | Killed Psyche
 14742 | D:10     | Reached skill level 8 in Necromancy
 15230 | D:10     | Reached skill level 2 in Earth Magic
 15367 | D:10     | You add the spells Alistair's Intoxication and Eringya's
                  | Noxious Bog to your library.
 15471 | D:9      | Killed Fannar
 15472 | D:9      | Reached XP level 12. HP: 46/92 MP: 4/26
 15628 | Lair:1   | Entered Level 1 of the Lair of Beasts
 15870 | Lair:1   | Reached skill level 11 in Spellcasting
 15886 | Lair:1   | Reached skill level 3 in Earth Magic
 16342 | Lair:1   | Reached skill level 9 in Necromancy
 16405 | Lair:1   | You fall into a shaft and drop 1 floor!
 16957 | Lair:1   | magus.rc [v1.9.6]
 17004 | Lair:1   | Reached skill level 4 in Earth Magic
 17670 | Lair:2   | Reached skill level 12 in Spellcasting
 17881 | Lair:2   | Reached skill level 5 in Earth Magic
 17883 | Lair:2   | Reached skill level 10 in Necromancy
 18100 | Lair:2   | Reached skill level 6 in Earth Magic
 18222 | Lair:2   | Reached skill level 1 in Short Blades
 18453 | Lair:2   | Learned a level 3 spell: Vampiric Draining
 18456 | Lair:2   | Learned a level 2 spell: Blink
 18461 | Lair:2   | Learned a level 4 spell: Anguish
 18613 | Lair:2   | Gained mutation: You are strongly in touch with the powers
                  | of death. [Mummy growth]
 18613 | Lair:2   | Reached XP level 13. HP: 80/99 MP: 14/29
 18894 | Lair:2   | Found a hole to the Spider Nest.
 18906 | Lair:2   | Reached skill level 2 in Short Blades
 20062 | Lair:3   | Reached skill level 3 in Short Blades
 20284 | Lair:4   | Reached skill level 9 in Fighting
 20411 | Lair:4   | Reached skill level 7 in Dodging
 20905 | IceCv    | Identified the of Myxior
 20905 | Lair:5   | Entered Level 5 of the Lair of Beasts
 20907 | Lair:5   | Found a frozen archway.
 20957 | IceCv    | Entered an ice cave
 21826 | IceCv    | Reached skill level 4 in Short Blades
 22143 | IceCv    | Found the +11 plutonium sword {Contam Stlth-}
 22163 | IceCv    | You add the spells Ensorcelled Hibernation, Ozocubu's
                  | Armour, Summon Ice Beast and Ozocubu's Refrigeration to
                  | your library.
 22398 | Lair:5   | Found a runed translucent door.
 22503 | Lair:5   | Reached skill level 10 in Fighting
 22515 | Lair:5   | Reached skill level 5 in Short Blades
 22537 | Lair:5   | Reached skill level 8 in Dodging
 22571 | Lair:5   | HP: 24/103 [queen bee (shapeshifter) (9)]
 22598 | Lair:5   | HP: 19/103 [small abomination (15)]
 22613 | Lair:5   | HP: 18/103 [basilisk (5)]
 22618 | Lair:5   | HP: 11/103 [basilisk (2)]
 22869 | Lair:5   | Reached skill level 6 in Short Blades
 22869 | Lair:5   | magus.rc [v1.9.6]
 22971 | Lair:5   | Found a viscous altar of Jiyva.
 22972 | Lair:5   | Found a staircase to the Slime Pits.
 23181 | Lair:5   | Found a shimmering altar of Xom.
 23181 | Lair:5   | Noticed Axkuoc's ghost (journeyman FoFi)
 23206 | Lair:5   | Reached XP level 14. HP: 105/110 MP: 13/30
 23393 | Lair:5   | You pick up a book of the Spheres and begin reading...
 23393 | Lair:5   | You add the spells Brom's Barrelling Boulder, Iskenderun's
                  | Battlesphere, Fireball, Conjure Ball Lightning and Orb of
                  | Destruction to your library.
 23420 | Lair:5   | You pick up a book of Air and begin reading...
 23420 | Lair:5   | You add the spells Shock, Swiftness and Airstrike to your
                  | library.
 23757 | Lair:5   | Reached skill level 7 in Short Blades
 24097 | Lair:5   | Identified the staff of Koza {rElec rF+ Dex+8 Stlth- Air}
 24621 | Lair:5   | Found a corrupted altar of Lugonu.
 24621 | Lair:5   | Found a one-way gate to the infinite horrors of the Abyss.
 24626 | Lair:5   | You pick up a book of Frost and begin reading...
 24626 | Lair:5   | You add the spells Freeze, Frozen Ramparts and Hailstorm to
                  | your library.
 24899 | Orc:1    | Entered Level 1 of the Orcish Mines
 24930 | Orc:1    | Reached skill level 8 in Short Blades
 25194 | Orc:2    | Entered Level 2 of the Orcish Mines
 25205 | Orc:2    | Found Wuinnio's Jewellery Boutique.
 25258 | Orc:2    | Reached skill level 2 in Stealth
 25302 | Orc:2    | Found a staircase to the Elven Halls.
 25811 | Orc:2    | Noticed Blork the orc
 25820 | Orc:2    | Killed Blork the orc
 25826 | Orc:2    | Reached skill level 3 in Stealth
 26143 | Orc:2    | Noticed an orc warlord
 26161 | Orc:2    | Killed an orc warlord
 26370 | Orc:2    | Reached skill level 11 in Fighting
 26478 | Orc:2    | Found Fethrielym's General Store.
 26674 | Orc:2    | Found Isoit's Antique Weapon Shop.
 26894 | Orc:2    | Found Remajog's Antique Armour Shop.
 26900 | Orc:2    | Bought a pair of glowing gloves for 217 gold pieces
 26920 | Orc:2    | Found Qounuf's Book Shop.
 26927 | Orc:2    | Bought a book of Winter for 544 gold pieces
 26927 | Orc:2    | You pick up a book of Winter and begin reading...
 26927 | Orc:2    | You add the spells Metabolic Englaciation and Simulacrum to
                  | your library.
 26934 | Orc:2    | Learned a level 6 spell: Simulacrum
 26976 | Orc:2    | Bought the ring of Futtuosy {rElec rC+ EV+5 Int+3} for 886
                  | gold pieces
 27104 | D:11     | Reached skill level 1 in Ice Magic
 27278 | D:11     | Reached skill level 2 in Ice Magic
 27418 | D:11     | You fall into a shaft and drop 2 floors!
 27533 | D:12     | Noticed a cyan very ugly thing
 27699 | D:12     | Noticed Takeo's ghost (journeyman TrSh)
 27703 | D:12     | You pick up a book of Sloth and begin reading...
 27717 | D:12     | You pick up a book of Necromancy and begin reading...
 27934 | D:12     | Found a transporter.
 27983 | D:12     | Reached skill level 3 in Ice Magic
 28083 | D:12     | Reached skill level 11 in Necromancy
 28390 | D:12     | Noticed Sonja
 28398 | D:12     | Killed Sonja
 28399 | D:12     | Reached skill level 4 in Ice Magic
 28722 | D:12     | Found a portal to a secret trove of treasure.
 28755 | Trove    | Entered a treasure trove
 28776 | Trove    | Identified the amulet "Ruaharch" {Acrobat *Slow rC+++
                  | Will+++ Dex-5}
 28914 | D:12     | Found Warghax's Book Boutique.
 29040 | D:12     | Found a transporter.
 29292 | D:11     | HP: 26/113 [something (9)]
 29591 | D:11     | You pick up a book of Beasts and begin reading...
 29591 | D:11     | You add the spells Summon Mana Viper and Monstrous
                  | Menagerie to your library.
 29955 | D:12     | HP: 27/113 [Takeo's ghost (17)]
 30314 | D:13     | Reached XP level 15. HP: 110/119 MP: 26/31
 30392 | D:13     | Reached skill level 5 in Ice Magic
 30762 | D:13     | You pick up a book of Geomancy and begin reading...
 30762 | D:13     | You add the spells Sandblast, Passwall and Stone Arrow to
                  | your library.
 30776 | D:13     | Identified the +2 leather armour of Protective Custody {rC+
                  | Regen+}
 30797 | D:13     | Found Cewudabe's General Store.
 30850 | D:13     | HP: 29/119 [six-headed hydra (8)]
 31103 | D:13     | Reached skill level 12 in Necromancy
 31153 | D:13     | Reached skill level 6 in Ice Magic
 31231 | D:13     | Identified the staff of Doom {rElec rC+ Air}
 31483 | D:13     | Noticed Lodul
 31499 | D:13     | Killed Lodul
 31769 | D:14     | Noticed Frances
 31863 | D:14     | Reached skill level 1 in Evocations
 32071 | D:14     | Reached skill level 2 in Evocations
 32253 | D:14     | Reached skill level 12 in Fighting
 32336 | D:14     | Noticed Josephine
 32348 | D:14     | Killed Josephine
 32349 | D:14     | Reached skill level 3 in Evocations
 32575 | D:14     | Reached skill level 4 in Evocations
 32815 | D:14     | Found a gate to the Vaults.
 32830 | D:14     | Reached skill level 1 in Armour
 32987 | D:14     | Noticed Roxanne
 33074 | D:14     | Noticed Snorg
 33091 | D:14     | Killed Snorg
 33111 | D:14     | Killed Frances
 33410 | D:14     | Noticed Nessos
 33415 | D:14     | Killed Nessos
 33421 | D:14     | Noticed Jorgrun
 33440 | D:14     | Reached skill level 2 in Armour
 33441 | D:14     | HP: 25/122 [Jorgrun/blast of rock fragments (12)]
 33732 | D:14     | Killed Jorgrun
 34114 | D:15     | Entered Level 15 of the Dungeon
 34308 | D:15     | You pick up a book of Debilitation and begin reading...
 34308 | D:15     | You add the spells Slow, Sigil of Binding and Confusing
                  | Touch to your library.
 34622 | D:15     | Found a staircase to the Depths.
 34719 | D:15     | Reached skill level 9 in Dodging
 35336 | D:15     | Reached skill level 13 in Fighting
 35520 | D:15     | Learned a level 3 spell: Ozocubu's Armour
 35538 | D:15     | magus.rc [v1.9.6]
 35764 | Spider:1 | Entered Level 1 of the Spider Nest
 36170 | Spider:1 | Reached XP level 16. HP: 120/130 MP: 23/32
 36266 | Spider:1 | Noticed Nikola
 36275 | Spider:1 | Killed Nikola
 36611 | Spider:1 | You add the spells Sting, Poisonous Vapours and Olgreb's
                  | Toxic Radiance to your library.
 37246 | Spider:1 | magus.rc [v1.9.6]
 37470 | Spider:2 | Reached skill level 10 in Dodging
 37522 | Spider:2 | Identified the ring "Piribbyi" {rPois rN+}
 37682 | Spider:2 | Found a runed translucent door.
 37685 | Spider:2 | Found a shimmering altar of Xom.
 37685 | Spider:2 | Noticed Vorhees's ghost (adept BaFi)
 37685 | Spider:2 | Found the +1 cloak of Starlight {*Dazzle EV+4 Stlth--}
 37685 | Spider:2 | Identified the +4 executioner's axe of the Endless Expanse
                  | {chaos, *Slow rC+ Dex+4 SInv}
 37782 | Spider:2 | HP: 31/132 [demonic crawler (11)]
 38083 | Spider:2 | Reached skill level 14 in Fighting
 38261 | Spider:2 | Killed Vorhees's ghost
 38295 | Spider:2 | Identified the ring of Zagiu {rElec rC- Dex-4 SInv Stlth+}
 38539 | Spider:2 | You add the spells Summon Forest and Summon Hydra to your
                  | library.
 38897 | Spider:3 | Reached skill level 11 in Dodging
 39142 | Spider:3 | Reached skill level 3 in Armour
 39591 | Spider:3 | Reached skill level 4 in Armour
 39896 | Shoals:1 | Entered Level 1 of the Shoals
 40243 | Vaults:5 | Identified the "Pacuceud"
 40243 | Vaults:5 | Identified the "Modaos"
 40243 | Crypt:3  | Identified the "Refan"
 40243 | Depths:4 | Identified the "Guokio"
 40243 | Depths:4 | Identified the of Tesit
 40243 | Depths:4 | Identified the of Ezacadinn
 40243 | Depths:4 | Identified the "Mofil"
 40243 | Depths:4 | Identified the "Xinooselamm"
 40243 | Depths:4 | Identified the "Funaq"
 40243 | Elf:1    | Entered Level 1 of the Elven Halls
 40460 | Elf:1    | Reached skill level 9 in Short Blades
 40789 | Elf:1    | Reached skill level 10 in Short Blades
 41043 | Elf:1    | Reached XP level 17. HP: 122/139 MP: 18/33
 41217 | Elf:1    | Noticed Louise
 41234 | Elf:1    | Killed Louise
 41798 | Elf:1    | Reached skill level 11 in Short Blades
 42311 | Elf:2    | Identified the "Mozentyk"
 42772 | Elf:2    | Found a shimmering blue altar of Sif Muna.
 42925 | Elf:2    | Paralysed by an air elemental for 1 turns
 43265 | Elf:2    | You pick up a book of Flames and begin reading...
 43265 | Elf:2    | You add the spells Inner Flame, Sticky Flame and Flame Wave
                  | to your library.
 43340 | Elf:2    | Found a runed translucent gate.
 43340 | Elf:2    | Found a runed translucent gate.
 43385 | Elf:2    | Found a runed translucent gate.
 43400 | Elf:2    | Reached skill level 12 in Short Blades
 43567 | Elf:2    | Learned a level 5 spell: Summon Mana Viper
 43572 | Elf:2    | magus.rc [v1.9.6]
 43608 | Elf:3    | Identified the of Xenu Seo
 43608 | Elf:3    | Identified the of Adiuziaso
 43608 | Elf:3    | Identified the of Wotaf Ruo
 43608 | Elf:3    | Identified the "Suqixa"
 43608 | Elf:3    | Identified the "Kamiul"
 43608 | Elf:3    | Identified the of Yricvisu
 43608 | Elf:3    | Entered Level 3 of the Elven Halls
 43724 | Elf:3    | Reached skill level 1 in Summonings
 44127 | Elf:3    | Found Jyegotz's Weapon Shoppe.
 44166 | Elf:3    | Reached skill level 2 in Summonings
 44202 | Elf:3    | Paralysed by an air elemental for 1 turns
 44208 | Elf:3    | Paralysed by an air elemental for 1 turns
 44926 | Elf:3    | Noticed a Hell Sentinel
 44951 | Elf:2    | Reached skill level 3 in Summonings
 45170 | Elf:3    | Noticed a Brimstone Fiend
 45251 | Elf:3    | Reached skill level 13 in Spellcasting
 45482 | Elf:3    | Reached skill level 4 in Summonings
 45564 | Elf:3    | Noticed a deep elf master archer
 45578 | Elf:3    | Killed a deep elf master archer
 45592 | Elf:3    | Noticed a deep elf blademaster
 45603 | Elf:3    | Killed a deep elf blademaster
 45834 | Elf:3    | Noticed a deep elf blademaster
 45848 | Elf:3    | Killed a deep elf blademaster
 46170 | Elf:3    | Identified the +3 arbalest of Codukk {heavy, Dex+4}
 46174 | Elf:3    | You pick up a book of Iron and begin reading...
 46177 | Elf:3    | Identified the +0 helmet "Kuemn" {rF+ Stlth+}
 46282 | Elf:3    | You add the spells Bombard and Fire Storm to your library.
 46323 | Elf:3    | Identified the scarf "Woyd" {repulsion, Regen+ Str-4 Int+3}
 46366 | Elf:3    | You pick up a book of Sloth and begin reading...
 46367 | Elf:3    | Identified the staff of Vywuror {rF+ Conj}
 46535 | Elf:3    | magus.rc [v1.9.6]
 46820 | Spider:3 | Reached skill level 14 in Spellcasting
 46820 | Spider:3 | Reached skill level 5 in Summonings
 47430 | Spider:3 | Reached XP level 18. HP: 140/146 MP: 21/36
 47740 | Spider:3 | Noticed Arachne
 47749 | Spider:3 | Killed Arachne
 47968 | Spider:4 | Entered Level 4 of the Spider Nest
 47980 | Spider:3 | Reached skill level 6 in Summonings
 48421 | Spider:4 | Learned a level 5 spell: Summon Forest
 48628 | Spider:4 | Reached skill level 15 in Spellcasting
 48797 | Spider:3 | Reached skill level 1 in Translocations
 49155 | Spider:3 | Learned a level 4 spell: Dispel Undead
 49460 | Spider:4 | Reached skill level 2 in Translocations
 49997 | Spider:4 | Reached skill level 7 in Summonings
 50318 | Spider:4 | Reached skill level 3 in Translocations
 51044 | Spider:4 | Got a gossamer rune of Zot
 51454 | Shoals:1 | Reached skill level 4 in Translocations
 51597 | Shoals:1 | Reached skill level 16 in Spellcasting
 51919 | Shoals:1 | Reached skill level 8 in Summonings
 52100 | Shoals:1 | Learned a level 7 spell: Haunt
 52107 | Shoals:2 | Noticed Kirke
 52244 | Shoals:2 | Found a flickering gateway to a bazaar.
 52258 | Bazaar   | Entered a bazaar
 52258 | Bazaar   | Found Edimih's General Store.
 52258 | Bazaar   | Found Laleunie's General Store.
 52447 | Bazaar   | Bought the +3 Elemental Staff {ele, rElec rF+ rC+ AC+3} for
                  | 571 gold pieces
 52447 | Bazaar   | Found the +3 Elemental Staff {ele, rElec rF+ rC+ AC+3}
 52447 | Bazaar   | Bought a scroll of blinking for 75 gold pieces
 52470 | Bazaar   | Found Beaxzye's General Store.
 52470 | Bazaar   | Found Sadekon's General Store.
 52477 | Bazaar   | Bought a scroll of enchant armour for 60 gold pieces
 52482 | Bazaar   | Bought 2 scrolls of amnesia for 56 gold pieces
 52493 | Bazaar   | Found Kirrapp's General Store.
 52493 | Bazaar   | Found Sefuem's General Store.
 52518 | Bazaar   | Found Teck's General Store.
 52518 | Bazaar   | Found Gulici's General Store.
 52525 | Bazaar   | Bought a wand of roots (7) for 168 gold pieces
 52525 | Bazaar   | Bought a wand of roots (5) for 120 gold pieces
 52529 | Bazaar   | Bought a wand of roots (5) for 144 gold pieces
 52594 | Shoals:2 | Noticed Ilsuiw
 52819 | Shoals:2 | Identified the +1 pair of gloves of Untruth {rElec rF++
                  | Str+4 Stlth-}
 52847 | Shoals:2 | Killed Ilsuiw
 53236 | Shoals:2 | Killed Kirke
 53341 | Shoals:2 | Identified the +2 robe of the Slug {*Corrode Dex-3 Stlth+
                  | Archmagi}
 53495 | Shoals:2 | You add the spells Ignite Poison and Freezing Cloud to your
                  | library.
 53610 | Shoals:2 | Learned a level 5 spell: Freezing Cloud
 53614 | Shoals:2 | magus.rc [v1.9.6]
 55234 | Shoals:3 | Reached skill level 9 in Summonings
 55234 | Shoals:3 | Reached XP level 19. HP: 124/152 MP: 34/39
 55558 | Shoals:3 | Reached skill level 13 in Necromancy
 56086 | Shoals:4 | Entered Level 4 of the Shoals
 56491 | Shoals:4 | Paralysed by an air elemental for 1 turns
 56624 | Shoals:4 | Paralysed by an air elemental for 1 turns
 56628 | Shoals:4 | Paralysed by an air elemental for 1 turns
 56654 | Shoals:4 | Found the +7 mace of Variability {chaos, chaos arc}
 56663 | Shoals:4 | HP: 24/152 [merfolk aquamancer/torrent of water (20)]
 56694 | Shoals:4 | HP: 29/152 [manticore (3)]
 56776 | Shoals:4 | HP: 17/152 [water nymph/the raging water (27)]
 56776 | Shoals:4 | HP: 2/152 [merfolk aquamancer/torrent of water (15)]
 56776 | Shoals:4 | Slain by a merfolk

Vanquished Creatures
  Jorgrun (D:14)
  A kraken (Shoals:3)
  The ghost of Vorhees the Peltast, an adept BaFi of Gozag (Spider:2)
  Gastronok (D:9)
  An emperor scorpion (Spider:3)
  3 deep elf sorcerers (Elf:3)
  3 deep elf elementalists (Elf:3)
  4 ghost moths
  An orc warlord (Orc:2)
  A broodmother (Spider:3)
  Nessos (D:14)
  3 deep elf demonologists (Elf:3)
  5 deep elf annihilators (Elf:3)
  2 spark wasps
  3 deep elf death magi
  A merfolk impaler (Shoals:2)
  Snorg (D:14)
  Josephine (D:14)
  2 fire dragons (D:15)
  2 entropy weavers
  2 deep elf high priests
  Fannar (D:9)
  An ogre mage (D:12)
  A jorogumo (Spider:3)
  4 hydras
  3 centaur warriors
  A catoblepas (Lair:5)
  2 alligator snapping turtles
  2 merfolk aquamancers
  2 radroaches
  9 death scarabs
  11 two-headed ogres
  3 boulder beetles
  2 satyrs
  4 orc high priests
  4 tengu warriors
  3 death yaks (Shoals:2)
  7 demonic crawlers
  A thrashing horror (Lair:5)
  20 dancing weapons
  A spectral emperor scorpion (Spider:4)
  8 deep elf knights
  5 skysharks
  Sonja (D:12)
  A skyshark (shapeshifter) (D:12)
  5 sea snakes
  2 bog bodies (IceCv)
  7 pharaoh ants
  3 sun moths
  7 steelbarb worms
  8 orb spiders
  5 deep elf archers
  An arcanist (D:14)
  A spectral jorogumo (Spider:4)
  A nameless horror (Shoals:2)
  7 harpies
  A spectral wolf spider (Spider:4)
  8 wolf spiders
  5 orc knights
  21 deep elf pyromancers
  19 deep elf zephyrmancers
  A broodmother zombie (Spider:4)
  A wolf spider zombie (Spider:4)
  10 manticores
  5 fauns
  14 ugly things
  A moth of wrath (Spider:4)
  5 orc sorcerers
  8 cyclopes
  6 merfolk sirens
  4 elephants (Lair:2)
  5 water nymphs
  7 black mambas
  A smoke demon (Lair:5)
  An ice statue (IceCv)
  2 torpor snails
  A torpor snail (shapeshifter) (Elf:1)
  A gargoyle (D:12)
  Jeremiah (D:9)
  10 cane toads
  2 spectral redbacks (Spider:4)
  2 rime drakes
  10 komodo dragons
  An anaconda simulacrum (IceCv)
  An ice devil (IceCv)
  Psyche (D:10)
  3 tengu conjurers (D:13)
  13 trolls
  A queen bee (shapeshifter) (Lair:5)
  2 wind drakes (Shoals:4)
  7 polar bears
  9 merfolk
  3 spectral jumping spiders (Spider:4)
  A raiju (Lair:5)
  A spectral tarantella (Spider:4)
  2 spectral culicivoras (Spider:4)
  20 tarantellas
  9 blink frogs (Lair:5)
  A tarantella zombie (Spider:4)
  3 jumping spider zombies (Spider:4)
  12 dream sheep
  A culicivora zombie (Spider:4)
  5 snapping turtles
  19 jumping spiders
  14 slime creatures
  2 large abominations (Lair:5)
  12 culicivoras
  2 spriggans (Lair:5)
  8 water elementals
  5 air elementals
  A spriggan (shapeshifter) (D:15)
  3 wyverns
  A centaur simulacrum (D:12)
  3 ynoxinuls (Lair:5)
  3 vampires
  A fire elemental (Elf:3)
  4 shadows
  2 dire elephant simulacra (IceCv)
  8 wraiths
  46 yaks
  7 basilisks
  30 redbacks
  13 vampire mosquitoes
  3 death yak simulacra (IceCv)
  5 steam dragons
  A chaos spawn (Lair:5)
  A warg (Orc:2)
  A harpy simulacrum (IceCv)
  5 acid dragons
  7 small abominations (Lair:5)
  20 water moccasins
  26 orc warriors
  3 sky beasts
  10 black bears
  3 boggarts (D:15)
  11 ogres
  9 wolves
  A phantom (D:6)
  8 centaurs
  4 kobold brigands
  Blork the orc (Orc:2)
  17 bullfrogs
  3 gnoll sergeants
  2 earth elementals
  5 necrophages (Lair:3)
  6 two-headed ogre simulacra (IceCv)
  4 scorpions
  13 wights
  2 elephant simulacra (IceCv)
  13 killer bees
  2 electric eels
  6 crimson imps (D:6)
  7 howler monkeys
  2 quasits (D:6)
  3 hounds
  9 jellies
  25 orc priests
  2 gnoll boudas
  A sleepcap (D:5)
  20 orc wizards
  A polar bear simulacrum (IceCv)
  5 troll simulacra (IceCv)
  5 spriggan simulacra (IceCv)
  A wolf simulacrum (IceCv)
  7 gnolls
  14 adders
  2 river rats (Sewer)
  4 naga simulacra (IceCv)
  A shadow imp (D:7)
  11 white imps
  7 ufetubi (IceCv)
  A worm (D:2)
  5 dart slugs
  61 orcs
  7 ball pythons
  6 bats
  12 endoplasms
  5 giant cockroaches
  9 goblins
  10 hobgoblins
  15 jackals
  9 quokkas
  7 frilled lizards
  30 kobolds
  7 rats
  A tentacle (Shoals:3)
1120 creatures vanquished.

Vanquished Creatures (collateral kills)
  Nikola (Spider:1)
  Arachne (Spider:3)
  2 deep elf blademasters (Elf:3)
  A kraken (Shoals:3)
  A deep elf master archer (Elf:3)
  Kirke (Shoals:2)
  Frances (D:14)
  Ilsuiw (Shoals:2)
  2 emperor scorpions (Spider:4)
  A deep elf elementalist (Elf:3)
  Louise (Elf:1)
  A formless jellyfish (Shoals:3)
  A deep elf annihilator (Elf:3)
  A spark wasp (Spider:3)
  2 deep elf death magi (Elf:3)
  2 merfolk impalers
  A merfolk javelineer (Shoals:4)
  An entropy weaver (Spider:2)
  A deep elf high priest (Elf:3)
  A jorogumo (Spider:3)
  2 two-headed ogres
  A centaur warrior (D:13)
  A demonic crawler (Spider:4)
  A skyshark (Shoals:3)
  Lodul (D:13)
  4 pharaoh ants
  A sun moth (Spider:3)
  3 orb spiders
  3 steelbarb worms
  A deep elf archer (Elf:1)
  3 harpies (Shoals:3)
  2 deep elf zephyrmancers
  4 deep elf pyromancers
  An orc sorcerer (Elf:1)
  An orc knight (D:13)
  4 ugly things (D:14)
  A wolf spider (Spider:2)
  3 cyclopes
  2 manticores
  A faun (Shoals:3)
  3 water nymphs
  3 merfolk sirens
  An efreet (D:13)
  A troll (D:13)
  A blink frog (Lair:5)
  2 merfolk
  A wind drake (Shoals:4)
  4 tarantellas
  2 slime creatures
  6 jumping spiders
  A snapping turtle (Shoals:3)
  6 water elementals
  4 culicivoras
  4 hogs (Shoals:2)
  A redback (shapeshifter) (D:13)
  A basilisk (D:12)
  5 redbacks
  A nameless horror (Spider:4)
  A boggart (D:15)
  A centaur (D:15)
  2 ogres (D:13)
  3 tentacles (Shoals:3)
118 creatures vanquished.

Vanquished Creatures (others)
  An emperor scorpion (Spider:4)
  A merfolk impaler (Shoals:3)
  A demonic crawler (Spider:2)
  A thrashing horror (Lair:5)
  2 deep elf knights
  2 sea snakes (Shoals:2)
  A deep elf archer (Elf:2)
  3 deep elf pyromancers (Elf:1)
  An orc sorcerer (Elf:3)
  2 wolf spiders
  3 deep elf zephyrmancers
  2 manticores (Shoals:3)
  A merfolk siren (Shoals:2)
  2 torpor snails (Spider:4)
  A water nymph (Shoals:3)
  5 merfolk
  A raiju (Lair:5)
  3 jumping spiders
  A culicivora (Spider:4)
  3 humans (Shoals:2)
  A redback (Spider:4)
  An ogre (Orc:2)
  A kobold (D:6)
  170 fulminant prisms
  18 tentacles (Shoals:3)
228 creatures vanquished.

Grand Total: 1466 creatures vanquished

Table legend:
 A = Non-vault XP
 B = Vault XP
 C = Vault XP percentage of total XP
 D = Non-vault monster count
 E = Vault monster count
 F = Vault count percentage of total count
                 A         B        C        D         E       F
            +---------+---------+-------+---------+---------+-------
      Total |  226402 |  169910 |  42.9 |     777 |     461 |  37.2
            +---------+---------+-------+---------+---------+-------
        D:1 |      62 |       0 |   0.0 |      32 |       0 |   0.0
        D:2 |      46 |      24 |  34.3 |      19 |       7 |  26.9
        D:3 |      32 |       0 |   0.0 |      11 |       0 |   0.0
        D:4 |     300 |       8 |   2.6 |      20 |       4 |  16.7
        D:5 |     870 |       0 |   0.0 |      17 |       0 |   0.0
        D:6 |    1871 |     403 |  17.7 |      31 |      10 |  24.4
        D:7 |     770 |     167 |  17.8 |      19 |       4 |  17.4
        D:8 |    3351 |     210 |   5.9 |      25 |       5 |  16.7
        D:9 |    3008 |    6376 |  67.9 |      31 |      21 |  40.4
       D:10 |    2298 |     340 |  12.9 |      19 |       1 |   5.0
       D:11 |    5226 |       0 |   0.0 |      20 |       0 |   0.0
       D:12 |    3663 |   11175 |  75.3 |      18 |      28 |  60.9
       D:13 |    5920 |    6640 |  52.9 |      15 |      19 |  55.9
       D:14 |   14790 |   11962 |  44.7 |      31 |      18 |  36.7
       D:15 |    6633 |    1807 |  21.4 |      16 |       2 |  11.1
     Lair:1 |    5595 |     833 |  13.0 |      24 |       4 |  14.3
     Lair:2 |    7202 |    4147 |  36.5 |      30 |      20 |  40.0
     Lair:3 |    2749 |    1434 |  34.3 |      14 |       8 |  36.4
     Lair:4 |    2224 |     736 |  24.9 |      10 |       2 |  16.7
     Lair:5 |    8777 |    9952 |  53.1 |      27 |      44 |  62.0
   Shoals:1 |    9183 |       0 |   0.0 |      15 |       0 |   0.0
   Shoals:2 |    9874 |    8333 |  45.8 |      19 |      13 |  40.6
   Shoals:3 |   17949 |       0 |   0.0 |      34 |       0 |   0.0
   Shoals:4 |    3405 |    7401 |  68.5 |       7 |      19 |  73.1
   Spider:1 |   13960 |    2401 |  14.7 |      32 |       1 |   3.0
   Spider:2 |   13952 |    2282 |  14.1 |      30 |       2 |   6.2
   Spider:3 |   28017 |    2284 |   7.5 |      60 |       1 |   1.6
   Spider:4 |   10640 |   28761 |  73.0 |      27 |      52 |  65.8
      Orc:1 |    2471 |       0 |   0.0 |      33 |       0 |   0.0
      Orc:2 |    1771 |    6635 |  78.9 |      25 |      32 |  56.1
      Elf:1 |   17414 |   17061 |  49.5 |      29 |      24 |  45.3
      Elf:2 |   11690 |    5907 |  33.6 |      18 |       7 |  28.0
      Elf:3 |   10689 |   25827 |  70.7 |      19 |      23 |  54.8
      Sewer |       0 |     202 | 100.0 |       0 |      26 | 100.0
     Bailey |       0 |    1747 | 100.0 |       0 |      14 | 100.0
      IceCv |       0 |    4855 | 100.0 |       0 |      50 | 100.0
            +---------+---------+-------+---------+---------+-------

Skill      XL: |  1  2  3  4  5  6  7  8  9 10 11 12 13 14 15 16 17 18 19 |
---------------+----------------------------------------------------------+-----
Spellcasting   | 3 4 5 6 7 8 10 12 14 16 | 16.0
Conjurations   | 4 5 6 |  6.7
Hexes          | 1 2 4 5 |  5.6
Fighting       | 5 8 10 11 13 14 | 14.0
Dodging        | 4 6 8 9 11 | 11.0
Shields        | 4 5 |  5.0
Necromancy     | 8 10 11 12 13 | 13.4
Earth Magic    | 2 6 |  6.0
Short Blades   | 1 6 8 10 12 | 12.0
Stealth        | 3 |  3.0
Ice Magic      | 4 6 |  6.0
Evocations     | 4 |  4.0
Armour         | 2 4 |  4.0
Summonings     | 5 9 |  9.6
Translocations | 4 |  4.0

Action                     |  1- 3 |  4- 6 |  7- 9 | 10-12 | 13-15 | 16-18 | 19-21 || total
---------------------------+-------+-------+-------+-------+-------+-------+-------++-------
  Melee: Whip              |    27 |    43 |     4 |       |       |       |       ||    74
         Falchion          |       |       |    32 |       |       |       |       ||    32
         Punch             |       |       |     2 |     2 |       |       |       ||     4
         Staff             |       |       |       |    25 |       |    58 |       ||    83
         Rapier            |       |       |       |   260 |  1338 |  1112 |   120 ||  2830
  Throw: Dart              |       |    10 |     6 |    15 |       |       |       ||    31
   Cast: Magic Dart        |    99 |   150 |   174 |   157 |    27 |     1 |       ||   608
         Searing Ray       |     3 |     7 |    24 |    34 |     1 |     1 |       ||    70
         Fulminant Prism   |       |       |    28 |   112 |    28 |     2 |       ||   170
         Borgnjor's Vile C |       |       |       |    34 |   178 |   220 |    13 ||   445
         Vampiric Draining |       |       |       |       |    18 |    13 |       ||    31
         Anguish           |       |       |       |       |    16 |    11 |       ||    27
         Simulacrum        |       |       |       |       |    15 |    55 |     1 ||    71
         Ozocubu's Armour  |       |       |       |       |     2 |       |       ||     2
         Blink             |       |       |       |       |     1 |       |       ||     1
         Summon Mana Viper |       |       |       |       |       |     9 |       ||     9
         Dispel Undead     |       |       |       |       |       |    25 |       ||    25
         Haunt             |       |       |       |       |       |     7 |    15 ||    22
         Summon Forest     |       |       |       |       |       |     1 |       ||     1
 Invoke: Brand Weapon With |       |       |       |     1 |       |       |       ||     1
         Unearth Wretches  |       |       |       |       |       |    10 |       ||    10
         Torment           |       |       |       |       |       |     1 |       ||     1
  Evoke: Wand              |       |       |       |     5 |    14 |     9 |     1 ||    29
         Condenser vane    |       |       |       |       |     4 |     3 |       ||     7
         Lightning rod     |       |       |       |       |     2 |     8 |       ||    10
         Box of beasts     |       |       |       |       |     1 |     3 |     1 ||     5
         Phantom mirror    |       |       |       |       |     1 |     3 |       ||     4
    Use: Scroll            |       |     4 |    15 |    12 |    15 |    14 |     3 ||    63
   Stab: Distracted        |       |       |       |     1 |       |       |     1 ||     2
         Petrified         |       |       |       |       |     9 |       |       ||     9
         Sleeping          |       |       |       |       |     9 |     2 |       ||    11
         Confused          |       |       |       |       |     1 |       |       ||     1
         Betrayed ally     |       |       |       |       |     1 |       |       ||     1
         Invisible         |       |       |       |       |       |    31 |     7 ||    38
         Paralysed         |       |       |       |       |       |     1 |       ||     1
 Armour: Robe              |    30 |    37 |   107 |   302 |    99 |       |       ||   575
         Leather armour    |       |       |       |       |   690 |   678 |    63 ||  1431
  Dodge: Dodged            |    32 |    41 |    93 |   318 |  1006 |  1240 |    85 ||  2815
  Block: Other             |       |    15 |    33 |    48 |       |       |       ||    96
         Reflection        |       |     2 |     3 |     8 |    22 |    31 |     8 ||    74
         Buckler           |       |       |       |   203 |   912 |   832 |    64 ||  2011

Illustrated notes

Table legend:
 A = Kills in this place as a percentage of kills in the entire game.
 B = Kills by you in this place as a percentage of kills by you in the entire game.
 C = Kills by friends in this place as a percentage of kills by friends in the entire game.
 D = Other kills in this place as a percentage of other kills in the entire game.
 E = Experience gained in this place as a percentage of experience gained in the entire game.
 F = Experience gained in this place divided by the number of levels of this place that you have seen.
                   A       B       C       D       E      F
               +-------+-------+-------+-------+-------+----------------------
         Total | 100.0 | 100.0 | 100.0 | 100.0 | 100.0 | 10429.3
       Dungeon |  35.8 |  37.5 |  21.1 |   0.0 |  22.2 | 5863.5
          Lair |  14.8 |  16.1 |   0.9 |  25.0 |  11.0 | 8729.8
        Shoals |   8.6 |   6.5 |  29.8 |   0.0 |  14.2 | 14036.2
   Spider Nest |  16.6 |  14.6 |  34.2 |  37.5 |  25.8 | 25574.2
  Orcish Mines |   7.3 |   8.0 |   0.0 |  12.5 |   2.7 | 5438.5
   Elven Halls |   9.7 |   9.1 |  14.0 |  25.0 |  22.4 | 29529.3
         Sewer |   2.1 |   2.3 |   0.0 |   0.0 |   0.1 | 202.0
        Bailey |   1.1 |   1.3 |   0.0 |   0.0 |   0.4 | 1747.0
      Ice Cave |   4.0 |   4.5 |   0.0 |   0.0 |   1.2 | 4855.0
               +-------+-------+-------+-------+-------+----------------------

Table legend: (Time is in decaauts)
 A = Elapsed time spent in this place.
 B = Non-inter-level travel time spent in this place.
 C = Inter-level travel time spent in this place.
 D = Time resting spent in this place.
 E = Time spent auto-exploring this place.
 F = Levels seen in this place.
 G = Mean time per level.
                   A        B        C        D        E       F      G
               +--------+--------+--------+--------+--------+-----+--------+
         Total |  56809 |  53324 |   3485 |  14971 |  27562 |  38 | 1495.0 |
       Dungeon |  22928 |  21498 |   1430 |   5247 |  12607 |  15 | 1528.5 |
          Lair |   8305 |   7527 |    778 |   1563 |   4272 |   5 | 1661.0 |
        Shoals |   4605 |   4447 |    158 |   1063 |   2363 |   4 | 1151.2 |
   Spider Nest |   8514 |   8013 |    501 |   3460 |   2825 |   4 | 2128.5 |
  Orcish Mines |   2252 |   1952 |    300 |    536 |    934 |   2 | 1126.0 |
   Elven Halls |   6479 |   6163 |    316 |   2087 |   2815 |   3 | 2159.7 |
        Bazaar |    289 |    289 |      0 |    186 |     76 |   1 |  289.0 |
         Trove |     68 |     68 |      0 |      0 |      0 |   1 |   68.0 |
         Sewer |   1190 |   1190 |      0 |     48 |    966 |   1 | 1190.0 |
        Bailey |    717 |    717 |      0 |    267 |    249 |   1 |  717.0 |
      Ice Cave |   1458 |   1458 |      0 |    513 |    452 |   1 | 1458.0 |
               +--------+--------+--------+--------+--------+-----+--------+

Top non-repeatable levels by time:
Spider:3: 2673 daAuts
     D:9: 2530 daAuts
   Elf:3: 2471 daAuts
Spider:4: 2397 daAuts
  Lair:5: 2382 daAuts
   Elf:1: 2153 daAuts
     D:8: 2097 daAuts
    D:14: 2085 daAuts
    D:12: 2084 daAuts
  Lair:2: 1989 daAuts
Spider:1: 1892 daAuts
   Elf:2: 1854 daAuts
    D:13: 1795 daAuts
  Lair:1: 1734 daAuts
Shoals:3: 1686 daAuts
